 Dungeon Crawl Stone Soup version 0.30-a0-808-g6e0788376e (webtiles) character file.

Game seed: 17654852646636387553

36 holysushi the Cutter (level 3, -2/19 HPs)
             Began as a Vine Stalker Monk on Feb 26, 2023.
             Killed from afar by Natasha (8 damage)
             ... with a magic dart
             ... on level 2 of the Dungeon.
             The game lasted 00:00:51 (1013 turns).

holysushi the Cutter (Vine Stalker Monk)            Turns: 1013, Time: 00:00:51

Health: -2/19      AC:  2    Str: 13    XL:     3   Next: 37%
Magic:  0/4        EV: 13    Int: 10    God:
Gold:   110        SH:  0    Dex: 18    Spells: 2/2 levels left

rFire   . . .      SeeInvis .    a - +0 short sword
rCold   . . .      Faith    .    (no shield)
rNeg    . . .      Spirit   +    b - +0 robe
rPois   .          Reflect  .    (no helmet)
rElec   .          Harm     .    (no cloak)
rCorr   .          Rampage  .    (no gloves)
Will    .....                    (no boots)
Stlth   ++                       (no amulet)
HPRegen 0.23/turn                (no ring)
MPRegen 0.09/turn                (no ring)

@: no status effects
A: fangs 2, magic shield, antimagic bite, no potion heal 2
a: no special abilities


You were on level 2 of the Dungeon.
You visited 1 branch of the dungeon, and saw 2 of its levels.

You collected 110 gold pieces.

Inventory:

Hand Weapons
 a - a +0 short sword (weapon)
Armour
 b - a +0 robe (worn)
Jewellery
 e - a ring of poison resistance
 g - a ring of wizardry
 o - an amulet of faith
Scrolls
 i - a scroll of enchant weapon {unknown}
 k - 2 scrolls of poison {unknown}
 l - a scroll of identify {unknown}
Potions
 c - a potion of ambrosia
 d - a potion of flight {unknown}
 f - 2 potions of brilliance {unknown}
 h - a potion of haste {unknown}
 j - a potion of resistance {unknown}
 m - a potion of magic {unknown}
 n - a potion of curing {unknown}


   Skills:
 - Level 2.6 Fighting
 + Level 4.0 Short Blades
 - Level 2.4 Dodging
 - Level 2.4 Stealth


You had 2 spell levels left.
You didn't know any spells.
Your spell library was empty.

Dungeon Overview and Level Annotations

Branches:
Dungeon (2/15) Zot: 10999

Altars:

Annotations:
D:2 Natasha


Innate Abilities, Weirdness & Mutations

You have extremely sharp teeth.
When hurt, damage is shared between your health and your magic reserves.
Your bite disrupts and absorbs the magic of your enemies.
Potions cannot restore your health.


Message History

You barely miss the quokka. The quokka misses you.
A quokka is nearby!
You hit the quokka but do no damage.
The quokka bites you but does no damage.
You hit the quokka. You bite the quokka.
You kill the quokka!
Your Short Blades skill increases to level 4!
No target in view!
No target in view!
k - 2 scrolls labelled TASEAG GIHU (gained 1)
o - an amulet of faith Natasha, Servant of Life and Death comes into view.
Natasha is nearby!
Natasha is nearby!
Found a glowing grey potion.
Natasha is nearby!
Natasha hisses angrily.
Natasha is nearby!
Natasha is nearby!
You hit Natasha but do no damage. Your punch misses Natasha. You bite Natasha.
Natasha's magic leaks into the air.
You drain her magic.
Natasha is lightly wounded.
Natasha claws you!
You closely miss Natasha.
Natasha is lightly wounded.
Natasha's magic is no longer disrupted.
You hit Natasha.
Natasha is moderately wounded.
Natasha claws you!
You hit Natasha. Your bite misses Natasha.
Natasha is moderately wounded.
Natasha claws you.
You are too injured to fight recklessly!
You closely miss Natasha.
Natasha is moderately wounded.
Natasha wildly gestures.
Natasha shimmers violently.
Natasha stares at you and mumbles some strange words.
The magic dart hits you!
You die...

... #.# #.# #.#
.#. #.. .....
#######.####.##.
.......h##...##.
#.@....!...#
####.##.###..#
###....##.###..#
............##..##
.###.#####.....[.#
#. ##...###.# #
#.#..# #.#
##...###.#
#......<##


You could see Natasha.

Vanquished Creatures
  A dart slug (D:2)
  3 endoplasms
  3 giant cockroaches (D:2)
  3 hobgoblins
  7 jackals
  A quokka (D:2)
  A ball python (D:1)
  2 bats (D:1)
  2 frilled lizards (D:1)
  4 goblins
  A kobold (D:1)
  2 rats
30 creatures vanquished.

Notes
Turn   | Place    | Note
-------+----------+-------------------------------------------
     0 | D:1      | holysushi the Vine Stalker Monk began the quest for the
                  | Orb.
     0 | D:1      | Reached XP level 1. HP: 11/11 MP: 2/2
    82 | D:1      | Reached skill level 3 in Short Blades
   167 | D:1      | Reached XP level 2. HP: 9/16 MP: 1/3
   358 | D:1      | Found a faded altar of an unknown god.
   759 | D:2      | Reached XP level 3. HP: 14/19 MP: 4/4
   987 | D:2      | Reached skill level 4 in Short Blades
  1005 | D:2      | Noticed Natasha
  1013 | D:2      | Killed from afar by Natasha

Illustrated notes

Levels and vault maps discovered:
D:1:      reono_arrival_mine, layout_basic, ebering_ecumenical_altar_rust,
          minivault_24
D:2:      layout_loops_ring, uniq_natasha

Skill      XL: |  1  2  3 |
---------------+----------+-----
Short Blades   | 3 4 |  4.0
Fighting       | |  2.6
Dodging        | |  2.4
Stealth        | |  2.4

Action                     || total
---------------------------++-------
  Melee: Short sword       ||    78
         Bite              ||    23
         Punch             ||     1
   Stab: Sleeping          ||     4
 Armour: Robe              ||    15
  Dodge: Dodged            ||    43

Table legend: (Time is in decaauts)
 A = Elapsed time spent in this place.
 B = Non-inter-level travel time spent in this place.
 C = Inter-level travel time spent in this place.
 D = Time resting spent in this place.
 E = Time spent auto-exploring this place.
 F = Levels seen in this place.
 G = Mean time per level.
                   A        B        C        D        E       F      G
               +--------+--------+--------+--------+--------+-----+--------+
         Total |    999 |    982 |     17 |     40 |    751 |   2 |  499.5 |
       Dungeon |    999 |    982 |     17 |     40 |    751 |   2 |  499.5 |
               +--------+--------+--------+--------+--------+-----+--------+

Top non-repeatable levels by time:
     D:1: 733 daAuts
     D:2: 265 daAuts
